 Dungeon Crawl Stone Soup version 0.24-a0-271-ga0fc33f (webtiles) character file.

Game seed: 4055603631611707422

1829 nikopol the Cleaver (level 8, -3/73 HPs)
             Began as a Minotaur Berserker on Apr 23, 2019.
             Was an Elder of Trog.
             Shot with an arrow by a centaur (12 damage)
             ... on level 6 of the Dungeon.
             The game lasted 00:07:11 (4440 turns).

nikopol the Cleaver (Minotaur Berserker)            Turns: 4440, Time: 00:07:12

Health: -3/73      AC:  7    Str: 24    XL:     8   Next: 86%
Magic:  7/7        EV: 12    Int:  4    God:    Trog [****..]
Gold:   264        SH:  0    Dex: 10    Spells: 7/7 levels left

rFire    . . .     SeeInvis .   a - +0 hand axe
rCold    + . .     Gourm    .   (no shield)
rNeg     . . .     Faith    .   f - +0 ring mail
rPois    .         Spirit   .   (helmet restricted)
rElec    .         Reflect  .   j - +0 cloak
rCorr    .         Harm     .   (no gloves)
MR       .....                  (no boots)
Stlth    ++........             (no amulet)
HPRegen  0.22/turn              n - ring of stealth
MPRegen  0.10/turn              o - ring of protection from cold

@: berserk cooldown, slowed, heavily drained, very slow
A: retaliatory headbutt, horns 2
a: Berserk, Trog's Hand, Brothers in Arms, Renounce Religion


You were on level 6 of the Dungeon.
You worshipped Trog.
Trog was greatly pleased with you.
You were not hungry.

You visited 1 branch of the dungeon, and saw 6 of its levels.

You collected 264 gold pieces.

Inventory:

Hand Weapons
 a - a +0 hand axe (weapon)
 y - a +2 flail of protection
 A - a cursed +4 dire flail
Missiles
 g - 87 bolts
 h - 90 arrows
Armour
 b - a +0 animal skin
 f - a +0 ring mail (worn)
 j - a +0 cloak (worn)
Jewellery
 n - a ring of stealth (left hand)
 o - a ring of protection from cold (right hand)
 x - a cursed ring of wizardry {unknown}
Scrolls
 d - a scroll of enchant weapon {unknown}
 e - a scroll of teleportation {unknown}
 i - 2 scrolls of amnesia {unknown}
 k - 3 scrolls of identify {unknown}
 m - a scroll of fog {unknown}
 p - 2 scrolls of remove curse {unknown}
 v - a scroll of random uselessness {unknown}
 w - a scroll of fear {unknown}
Potions
 l - 3 potions of heal wounds {unknown}
 q - a potion of magic {unknown}
 r - a potion of berserk rage {unknown}
 s - a potion of flight {unknown}
 t - a potion of haste
 u - a potion of might {unknown}
Comestibles
 c - 11 rations
 z - 3 chunks of flesh


   Skills:
 + Level 7.4(5.7) Fighting
 + Level 9.8(8.0) Axes
 + Level 6.7(5.1) Armour
 + Level 4.3(2.7) Dodging
 + Level 1.8(0.4) Stealth


You had 7 spell levels left.
You didn't know any spells.
Your spell library was empty.

Dungeon Overview and Level Annotations

Branches:
Dungeon (6/15)             Temple (0/1) D:5

Altars:
Ashenzari
Cheibriados
Dithmenos
Elyvilon
Nemelex Xobeh
Ru
Uskayaw
Yredelemnul
Zin


Innate Abilities, Weirdness & Mutations

You reflexively headbutt those who attack you in melee.
You have a pair of horns on your head.


Message History

a cursed +4 dire flail; a +0 robe; a +0 dagger; a +0 robe You feel your anger nearly subside.
You are no longer berserk.
You are exhausted.
You feel yourself slow down.
Things that are here:
a +0 long sword; a +0 robe
Items here: )) [[ a cursed +4 dire flail; a +0 robe; a +0 dagger; a +0 robe
A - a cursed +4 dire flail
Things that are here:
a +0 long sword; a +0 robe A centaur comes into view.
Things that are here:
a +0 mace; a +0 robe The centaur shouts!
The centaur wields a +0 shortbow.
The centaur shoots an arrow.
The arrow hits you but does no damage.
You see here an arrow.
The centaur shoots an arrow.
The arrow hits you!
You die...

#.###.#
#..c#.#######
......>#...
#..#.....#
#.......#
#..#...##
#.......+# .
#.(@)[P..#..
..#.####.P≈P....#
..#.#<.#..≈.....#
...#.##..P..⌠.##
#..#............
#..#.....##..#.#
#..#...........#
#.#.....######
#..........


You could see a centaur.

Vanquished Creatures
  Pikel (D:5)
  Sigmund (D:4)
  A water moccasin (D:3)
  2 sky beasts (D:5)
  A phantom (D:4)
  4 wights (D:6)
  2 crimson imps
  2 hounds (D:5)
  2 orc wizards
  Crazy Yiuf (D:3)
  A jelly (D:5)
  An orc priest (D:5)
  A gnoll shaman (D:5)
  2 iguanas
  5 worker ants
  5 gnolls (D:5)
  4 adders
  2 worms
  7 dart slugs
  4 leopard geckos
  15 orcs
  9 bats
  7 giant cockroaches
  12 goblins
  8 hobgoblins
  5 jackals
  14 kobolds
  5 quokkas
  5 frilled lizards
  A giant cockroach zombie (D:6)
  A quokka skeleton (D:5)
  3 rats
  A spectral orc (D:3)
  2 fungi (D:3)
137 creatures vanquished.

Notes
Turn   | Place    | Note
-------+----------+-------------------------------------------
     0 | D:1      | nikopol the Minotaur Berserker began the quest for the Orb.
     0 | D:1      | Reached XP level 1. HP: 19/19 MP: 0/0
   138 | D:1      | Reached XP level 2. HP: 22/27 MP: 1/1
   152 | D:1      | Reached skill level 4 in Axes
   338 | D:1      | Reached XP level 3. HP: 33/33 MP: 2/2
   537 | D:1      | Reached ** piety under Trog
   685 | D:2      | Found a sacrificial altar of Ru.
   688 | D:2      | Found a white marble altar of Elyvilon.
   691 | D:2      | Found a sparkling altar of Nemelex Xobeh.
   694 | D:2      | Found a shattered altar of Ashenzari.
   878 | D:2      | Found a snail-covered altar of Cheibriados.
  1019 | D:2      | Reached XP level 4. HP: 40/41 MP: 3/3
  1100 | D:2      | Found a shadowy altar of Dithmenos.
  1553 | D:3      | Reached skill level 5 in Axes
  1875 | D:3      | Reached skill level 5 in Fighting
  2016 | D:3      | Noticed a water moccasin
  2028 | D:3      | Killed a water moccasin
  2028 | D:3      | Reached XP level 5. HP: 26/48 MP: 4/4
  2113 | D:3      | Reached *** piety under Trog
  2233 | D:3      | Found a basalt altar of Yredelemnul.
  2469 | D:3      | Reached skill level 6 in Axes
  2533 | D:3      | Found a runed translucent door.
  2534 | D:3      | Noticed Crazy Yiuf
  2545 | D:3      | Killed Crazy Yiuf
  2545 | D:3      | Reached XP level 6. HP: 56/56 MP: 5/5
  2705 | D:4      | Noticed Sigmund
  2713 | D:4      | Killed Sigmund
  2750 | D:4      | Reached XP level 7. HP: 62/62 MP: 6/6
  2957 | D:4      | Reached skill level 7 in Axes
  2957 | D:4      | Reached skill level 5 in Armour
  2957 | D:4      | Reached skill level 1 in Stealth
  3120 | D:5      | Entered Level 5 of the Dungeon
  3483 | D:5      | Found a glowing silver altar of Zin.
  3573 | D:5      | Found a staircase to the Ecumenical Temple.
  3661 | D:5      | Found a hide-covered altar of Uskayaw.
  3717 | D:5      | Reached skill level 8 in Axes
  3763 | D:5      | Reached XP level 8. HP: 71/71 MP: 7/7
  3921 | D:5      | Noticed Pikel
  3925 | D:5      | Killed Pikel
  3925 | D:5      | Reached **** piety under Trog
  3925 | D:5      | Reached skill level 9 in Axes
  4440 | D:6      | Shot with an arrow by a centaur

Levels and vault maps discovered:
D:1:      matt_arrival_debris, layout_basic
D:2:      minmay_general_purpose_star, layout_basic,
          grunt_dithmenos_smoke_and_mirrors, grunt_temple_overflow_cloverleaf,
          kennysheep_slug_shrine
D:3:      layout_loops_corners, yredelemnul_forgotten_temple_becter,
          minmay_divided_ellipse, uniq_crazy_yiuf_cottage
D:4:      layout_rooms, first_ration, uniq_sigmund
D:5:      layout_gridville, lemuel_doored_altar, lemuel_round_altar,
          minmay_temple_entry_tees, lemuel_flame_loot_1, uniq_pikel
D:6:      layout_basic, tso_oasis_becter, hangedman_decor_push,
          uniq_prince_ribbit1

Skill      XL: |  1  2  3  4  5  6  7  8 |
---------------+-------------------------+-----
Fighting       | 4 5 6 7 |  7.4
Axes           | 4 5 6 8 9 |  9.8
Armour         | 3 4 5 6 |  6.7
Dodging        | 3 4 |  4.3
Stealth        | 1 |  1.8

Action                   |  1- 3 |  4- 6 |  7- 9 || total
-------------------------+-------+-------+-------++-------
Melee: Hand axe          |    64 |   123 |   151 ||   338
       Headbutt          |    14 |    30 |    16 ||    60
Invok: Berserk           |       |     3 |     3 ||     6
 Stab: Sleeping          |       |     2 |       ||     2
  Eat: Chunk             |       |     8 |     6 ||    14
       Ration            |       |       |     1 ||     1
Armor: Animal skin       |     2 |       |       ||     2
       Ring mail         |    18 |    32 |    57 ||   107
Dodge: Dodged            |    38 |    55 |    74 ||   167

Table legend:
 A = Non-vault XP
 B = Vault XP
 C = Vault XP percentage of total XP
 D = Non-vault monster count
 E = Vault monster count
 F = Vault count percentage of total count
                 A         B        C        D         E       F
            +---------+---------+-------+---------+---------+-------
      Total |    1535 |    1079 |  41.3 |     117 |      18 |  13.3
            +---------+---------+-------+---------+---------+-------
        D:1 |      46 |       0 |   0.0 |      23 |       0 |   0.0
        D:2 |      56 |       6 |   9.7 |      23 |       2 |   8.0
        D:3 |      69 |     224 |  76.5 |      27 |      14 |  34.1
        D:4 |     255 |     220 |  46.3 |      11 |       1 |   8.3
        D:5 |     762 |     629 |  45.2 |      25 |       1 |   3.8
        D:6 |     347 |       0 |   0.0 |       8 |       0 |   0.0
            +---------+---------+-------+---------+---------+-------
